 Dungeon Crawl Stone Soup version 0.27.1-3-gb3d3a73c9e (webtiles) character file.

Game seed: 16725117816671286065

489 UberPyro the Sneak (level 6, -9/32 HPs)
             Began as a Spriggan Berserker on Oct 22, 2021.
             Was a Believer of Trog.
             Mangled by Duvessa (10 damage)
             ... on level 4 of the Dungeon.
             The game lasted 00:09:11 (5392 turns).

UberPyro the Sneak (Spriggan Berserker)             Turns: 5392, Time: 00:09:11

Health: -9/32      AC:  3    Str: 15    XL:     6   Next: 90%
Magic:  7/7        EV: 20    Int:  9    God:    Trog [**....]
Gold:   188        SH:  0    Dex: 20    Spells: 5/5 levels left

rFire    + . .     SeeInvis +   a - +0 short sword
rCold    . . .     Faith    .   (shield restricted)
rNeg     . . .     Spirit   .   k - +1 robe {rF+}
rPois    .         Reflect  .   (helmet restricted)
rElec    .         Harm     .   (no cloak)
rCorr    .         Rampage  .   (gloves unavailable)
Will     +....                  (boots unavailable)
Stlth    ++++......             (no amulet)
HPRegen  0.10/turn              l - +6 ring of dexterity
MPRegen  0.10/turn              (no ring)

@: on berserk cooldown, slowed, quick
A: very small, no large weapons, unfitting armour, see invisible, speed 3
a: Renounce Religion, Berserk, Trog's Hand


You were on level 4 of the Dungeon.
You worshipped Trog.
Trog was pleased with you.
You visited 1 branch of the dungeon, and saw 4 of its levels.

You collected 188 gold pieces.

Inventory:

Hand Weapons
 a - a +0 short sword (weapon)
 b - a +1 falchion of holy wrath
Armour
 k - a +1 robe of fire resistance (worn)
Jewellery
 l - a +6 ring of dexterity (left hand)
Wands
 j - a wand of flame (20)
Scrolls
 c - a scroll of magic mapping {unknown}
 e - 2 scrolls of teleportation {unknown}
 g - a scroll of holy word {unknown}
 i - a scroll of immolation {unknown}
Potions
 d - a potion of magic {unknown}
 f - 2 potions of curing {unknown}
 h - a potion of invisibility {unknown}


   Skills:
 - Level 2.4 Fighting
 + Level 6.2 Short Blades
 + Level 5.5 Dodging
 + Level 6.9 Stealth


You had 5 spell levels left.
You didn't know any spells.
Your spell library was empty.

Dungeon Overview and Level Annotations

Branches:
Dungeon (4/15)             Temple (0/1) D:4

Altars:
Yredelemnul

Annotations:
D:4 Duvessa


Innate Abilities, Weirdness & Mutations

You are very small and have problems with some larger weapons.
You are too small for most types of armour.
You have supernaturally acute eyesight. (SInv)
You cover ground extremely quickly. (Speed+++)


Message History

Duvessa hits you with a +0 short sword. Duvessa closely misses you.
You barely miss Duvessa.
Duvessa is almost dead.
Duvessa completely misses you.
You hit Duvessa but do no damage.
Duvessa is almost dead.
Duvessa hits you with a +0 short sword! Duvessa completely misses you.
You hit Duvessa but do no damage.
Duvessa is almost dead.
You feel the effects of Trog's Hand fading.
Duvessa barely misses you. x2
You hit Duvessa but do no damage.
Duvessa is almost dead.
Duvessa completely misses you. Duvessa barely misses you.
You hit Duvessa but do no damage.
Duvessa is almost dead.
Duvessa completely misses you. x2
You closely miss Duvessa.
Duvessa is almost dead.
Duvessa closely misses you.
You hit Duvessa but do no damage.
Duvessa is almost dead.
Duvessa hits you with a +0 short sword. Duvessa misses you.
You closely miss Duvessa.
Duvessa is almost dead.
Your skin stops crawling.
You feel less strong-willed. Duvessa completely misses you. x2
You hit Duvessa but do no damage.
Duvessa is almost dead.
Duvessa completely misses you. Duvessa hits you with a +0 short sword!
* * * LOW HITPOINT WARNING * * *
Aiming: Throw Flame
Press: ? - help, Shift-Dir - straight line, f - Duvessa
Aim: Duvessa, wielding a +0 short sword and wearing a +3 leather armour of cold resistance (almost dead, berserk, fast, 72% to hit)
The puff of flame hits Duvessa but does no damage.
Duvessa is almost dead.
Duvessa hits you with a +0 short sword.
* * * LOW HITPOINT WARNING * * *
Duvessa hits you with a +0 short sword!
You die...

#....#####.#..# ##.#..
#.###....## #...## #...#
#.........# ##.## ##..#
#####....######.##############.(#
..........##.......##...........#
#########.##.##....###########..#
#.##.#.....#### ##.#
#......_e)....# #.#
####....@#.##.... .># #....##.# #
### #.......# ####.#### #.# #.# #
#.. # ## #


You could see Duvessa (berserk, fast).

Vanquished Creatures
  Sigmund (D:3)
  A kobold brigand (D:3)
  Dowan (D:4)
  Jessica (D:2)
  Ijyb (D:3)
  An iguana (D:3)
  Natasha (D:2)
  3 gnolls (D:3)
  2 adders
  A dart slug (D:1)
  2 orcs (D:3)
  6 endoplasms
  2 giant cockroaches
  6 hobgoblins
  2 jackals (D:3)
  4 kobolds
  7 ball pythons
  7 bats
  7 frilled lizards
  8 goblins
  5 rats
69 creatures vanquished.

Notes
Turn   | Place    | Note
-------+----------+-------------------------------------------
     0 | D:1      | UberPyro the Spriggan Berserker began the quest for the
                  | Orb.
     0 | D:1      | Reached XP level 1. HP: 11/11 MP: 2/2
   579 | D:1      | Reached XP level 2. HP: 12/16 MP: 3/3
   676 | D:1      | Reached skill level 1 in Stealth
  1037 | D:1      | Reached ** piety under Trog
  1638 | D:2      | Reached XP level 3. HP: 15/19 MP: 4/4
  2017 | D:2      | Noticed Natasha
  2027 | D:2      | Killed Natasha
  2028 | D:2      | Reached XP level 4. HP: 23/23 MP: 5/5
  2089 | D:2      | Found a faded altar of an unknown god.
  2090 | D:2      | Noticed Jessica
  2098 | D:2      | Killed Jessica
  2419 | D:3      | Noticed a kobold brigand
  2422 | D:3      | Reached skill level 5 in Short Blades
  2447 | D:3      | Killed a kobold brigand
  2448 | D:3      | Reached skill level 5 in Stealth
  2448 | D:3      | Reached XP level 5. HP: 19/27 MP: 6/6
  2941 | D:3      | Noticed Ijyb
  2957 | D:3      | HP: 2/40 [Ijyb/puff of flame (10)]
  2960 | D:3      | Killed Ijyb
  3259 | D:3      | Noticed Sigmund
  3298 | D:3      | Killed Sigmund
  3299 | D:3      | Reached skill level 5 in Dodging
  3299 | D:3      | Reached XP level 6. HP: 32/32 MP: 7/7
  4627 | D:4      | Found a staircase to the Ecumenical Temple.
  5347 | D:4      | Found a basalt altar of Yredelemnul.
  5350 | D:4      | Noticed Duvessa
  5350 | D:4      | Noticed Dowan
  5374 | D:4      | Killed Dowan
  5392 | D:4      | HP: 1/32 [Duvessa (6)]
  5392 | D:4      | Mangled by Duvessa

Illustrated notes

Levels and vault maps discovered:
D:1:      shiori_arrival_maze, layout_loops_corners
D:2:      minmay_angry_zag, layout_loops_cross,
          ebering_ecumenical_altar_petrified, uniq_natasha, uniq_jessica
D:3:      layout_basic, uniq_ijyb, uniq_sigmund
D:4:      layout_basic, nicolae_overflow_crystal_walls,
          minmay_temple_entry_wispy, uniq_duvessa

Skill      XL: |  1  2  3  4  5 |
---------------+----------------+-----
Stealth        | 2 3 5 6 |  6.9
Short Blades   | 4 5 6 |  6.2
Dodging        | 5 |  5.5
Fighting       | |  2.4

Action                   |  1- 3 |  4- 6 || total
-------------------------+-------+-------++-------
Melee: Short sword       |    76 |   172 ||   248
Invok: Berserk           |     3 |     8 ||    11
       Trog's Hand       |     1 |     4 ||     5
Evoke: Wand              |       |     1 ||     1
 Stab: Sleeping          |     3 |     7 ||    10
       Distracted        |     1 |       ||     1
Armor: Animal skin       |     4 |     1 ||     5
       Robe              |       |     6 ||     6
Dodge: Dodged            |    37 |   111 ||   148
